 Dungeon Crawl Stone Soup version 0.32-a0-871-ge202e49faa (webtiles) character file.

Game seed: 17133548058935467093

1259 Autsider the Trooper (level 8, -2/85 (88) HPs)
             Began as an Oni Shapeshifter on Mar 30, 2024.
             Slain by a wight
             ... wielding a +0 battleaxe
              (16 damage)
             ... on level 6 of the Dungeon.
             The game lasted 00:11:21 (4961 turns).

Autsider the Trooper (Oni Shapeshifter)             Turns: 4961, Time: 00:11:21

HP:   -2/85 (88)    AC:  4    Str: 21    XL:     8   Next: 51%
MP:   8/8           EV:  8    Int: 11    God:
Gold: 196           SH:  0    Dex:  8    Spells: 7/7 levels left

rFire   . . .        s - +2 dagger (venom)
rCold   . . .        (no shield)
rNeg    . . .        a - +1 animal skin
rPois   .            (helmet currently unavailable)
rElec   .            (cloak currently unavailable)
rCorr   .            (gloves unavailable)
SInv    .            (boots unavailable)
Will    .....        (no amulet)
Stlth   +            (no ring)
HPRegen 0.34/turn    (no ring)
MPRegen 0.11/turn

%: no passive effects
@: beast-form, hasted, lightly drained, very quick
A: beast (slay +3), large, unfitting armour, horns 1, tough skin 1, double
potion healing, drunken brawling
a: Begin Untransformation


You were on level 6 of the Dungeon.
You were a hulking beast.
You visited 1 branch of the dungeon, and saw 6 of its levels.
You also visited: Sewer.

You collected 196 gold pieces.

Inventory:

Hand Weapons
 s - a +2 dagger of venom (weapon)
Missiles
 h - 4 curare-tipped darts (quivered)
Armour
 a - a +1 animal skin (worn)
 l - an orb of light
Jewellery
 n - an amulet of magic regeneration
Talismans
 c - a beast talisman (active)
 d - a flux talisman
Wands
 r - a wand of warping (12)
 u - a wand of paralysis (6)
Scrolls
 b - a scroll of fog
 i - 2 scrolls of vulnerability
 m - 2 scrolls of enchant armour
 q - a scroll of butterflies {unknown}
 t - a scroll of revelation
Potions
 e - 2 potions of haste
 f - a potion of brilliance {unknown}
 g - a potion of curing {unknown}
 j - 2 potions of attraction {unknown}
 k - a potion of enlightenment {unknown}
 o - a potion of invisibility {unknown}
 p - a potion of might {unknown}


   Skills:
 + Level 7.7 Fighting
 - Level 1.7 Dodging
 + Level 5.9 Unarmed Combat
 + Level 6.0 Shapeshifting


You had 7 spell levels left.
You didn't know any spells.
Your spell library contained the following spells:

 Spells                   Type           Power      Damage    Failure   Level
 Ensorcelled Hibernation  Hex/Ice        0%         N/A       47%         2
 Fugue of the Fallen      Necr           0%         N/A       71%         3
 Teleport Other           Tloc           0%         N/A       71%         3
 Tukima's Dance           Hex            0%         N/A       71%         3
 Anguish                  Hex/Necr       0%         N/A       98%         4
 Passage of Golubria      Tloc           0%         N/A       98%         4
 Yara's Violent Unravell  Hex/Alch       0%         3d3       100%        5
 Dispersal                Tloc           0%         N/A       100%        6
 Gell's Gavotte           Tloc           0%         2d(11-16) 100%        6


Dungeon Overview and Level Annotations

Branches:
Dungeon (6/15)              Sewer (visited)
 Temple: D:4-7

Altars:
Dithmenos
Gozag
Vehumet

Shops:
D:5 (


Innate Abilities, Weirdness & Mutations

You are a hulking beast.
Your limbs bulge with bestial killing power. (Slay +3)
You are too large for most types of armour.
You have a pair of small horns on your head.
You have tough skin. (AC +1)
You gain doubled healing and magic from potions.
Whenever you drink a healing potion, you attack all around you.


Message History

You are too injured to fight recklessly!
You are too injured to fight recklessly!
You are too injured to fight recklessly!
You are too injured to fight recklessly!
You hit the iguana but do no damage.
The iguana looks as sick as possible!
The iguana is lightly wounded.
The iguana bites you.
You hit the iguana. Your headbutt misses the iguana.
The iguana is severely wounded.
The iguana closely misses you.
You puncture the iguana!
You kill the iguana!
You start resting.
HP restored.
A wight comes into view. It is wielding a +0 battleaxe.
You hit the wight but do no damage.
You headbutt the wight, but do no damage.
The wight closely misses you.
You hit the wight but do no damage. The wight hits you with a +0 battleaxe!
You closely miss the wight. Your headbutt misses the wight.
The wight hits you with a +0 battleaxe!
You hit the wight. Your headbutt misses the wight.
The wight is lightly damaged.
The wight hits you with a +0 battleaxe!
You closely miss the wight.
The wight is lightly damaged.
The wight closely misses you. The wight attacks as it pursues you!
The wight barely misses you. The wight attacks as it pursues you!
The wight hits you with a +0 battleaxe!
* * * LOW HITPOINT WARNING * * *
The wight attacks as it pursues you! The wight hits you with a +0 battleaxe!
* * * LOW HITPOINT WARNING * * *
You hit the wight. You headbutt the wight.
The wight is heavily damaged.
The wight hits you with a +0 battleaxe!
* * * LOW HITPOINT WARNING * * *
You feel drained.
* * * LOW HITPOINT WARNING * * *
You feel yourself speed up. The wight hits you with a +0 battleaxe!
You die...

#.....#.#..#. ....
..>........ ..# ....
#....####..### # ...
#.............
#.###z###.#........###
#..$......[..........#
#....#(##.#.......#
#...##.##.#.......#
###....zh.........#
#.##.##.#.#.....#
#.##.....<#######
#.......### ####.####
#.....# ###...# .....#
....#


You could see a wight.

Vanquished Creatures
  A water moccasin (D:5)
  Pargi (Sewer)
  2 phantoms
  2 brain worms (Sewer)
  A scorpion (D:5)
  A hound (D:5)
  2 bombardier beetles
  A jelly (D:6)
  4 orc priests (D:4)
  Ijyb (D:5)
  5 iguanas
  5 orc wizards
  Robin (D:3)
  5 adders
  A river rat (D:3)
  A white imp (D:5)
  3 dart slugs
  A ribbon worm (D:3)
  22 orcs
  8 ball pythons
  7 endoplasms
  4 giant cockroaches
  16 goblins
  15 hobgoblins
  9 kobolds
  3 quokkas
  3 frilled lizards
  5 rats
130 creatures vanquished.

Notes
Turn   | Place    | Note
-------+----------+-------------------------------------------
     0 | D:1      | Autsider the Oni Shapeshifter began the quest for the Orb.
     0 | D:1      | Reached XP level 1. HP: 19/19 MP: 1/1
   152 | D:1      | Reached XP level 2. HP: 26/28 MP: 2/2
   153 | D:1      | Reached skill level 2 in Fighting
   461 | D:1      | Reached XP level 3. HP: 36/36 MP: 3/3
   707 | D:1      | Found a faded altar of an unknown god.
  1011 | D:2      | Reached skill level 3 in Fighting
  1147 | D:2      | Reached XP level 4. HP: 43/45 MP: 4/4
  1415 | D:2      | Found an opulent altar of Gozag.
  1573 | D:3      | Found a shadowy altar of Dithmenos.
  1573 | D:3      | Found a radiant altar of Vehumet.
  1664 | D:3      | Found a glowing drain.
  1720 | Sewer    | Entered a sewer
  1720 | Sewer    | Noticed a brain worm
  1729 | Sewer    | Killed a brain worm
  1730 | Sewer    | Reached skill level 4 in Fighting
  1730 | Sewer    | Reached XP level 5. HP: 42/54 MP: 3/5
  1742 | Sewer    | Reached XP level 6. HP: 45/63 MP: 3/6
  1757 | Sewer    | Noticed Pargi
  1773 | Sewer    | Killed Pargi
  1774 | Sewer    | Reached skill level 5 in Fighting
  2347 | D:3      | Noticed Robin
  2442 | D:3      | Killed Robin
  2699 | D:4      | Reached XP level 7. HP: 39/72 MP: 7/7
  3129 | D:4      | Reached skill level 6 in Fighting
  3144 | D:4      | Reached skill level 5 in Shapeshifting
  3535 | D:4      | Reached skill level 5 in Unarmed Combat
  3719 | D:5      | Entered Level 5 of the Dungeon
  3719 | D:5      | Noticed Ijyb
  3732 | D:5      | Killed Ijyb
  3863 | D:5      | Noticed a yak
  3864 | D:5      | Noticed a yak
  3864 | D:5      | Noticed a yak
  3871 | D:5      | Reached XP level 8. HP: 53/84 MP: 8/8
  4157 | D:5      | Reached skill level 7 in Fighting
  4318 | D:5      | Noticed a +0 demon blade
  4570 | D:5      | Found Iziuji's Weapon Shop.
  4572 | D:5      | Noticed a +0 executioner's axe
  4961 | D:6      | Slain by a wight

Illustrated notes

Levels and vault maps discovered:
D:1:      scummos_arrival_forest, layout_loops_ring,
          shapermc_ecumenical_altar_petra, kennysheep_boxes
D:2:      layout_loops_ring, basic_altar
D:3:      layout_basic, mainiacjoe_overflow_catch_the_wave,
          portal_sewer_entry_a, minmay_stone_trees_medium, uniq_robin
D:4:      layout_basic
D:5:      layout_basic, serial_shops, nicolae_shop_mannequins, uniq_ijyb
D:6:      layout_loops_cross, st_stairs_3

Skill      XL: |  1  2  3  4  5  6  7  8 |
---------------+-------------------------+-----
Fighting       | 2 3 4 5 6 7 |  7.7
Unarmed Combat | 3 4 5 |  5.9
Shapeshifting  | 4 5 6 |  6.0
Dodging        | |  1.7

Action                     |  1- 3 |  4- 6 |  7- 9 || total
---------------------------+-------+-------+-------++-------
  Melee: Unarmed           |    68 |   135 |    94 ||   297
         Headbutt          |    10 |    24 |    34 ||    68
         Punch             |       |     3 |     6 ||     9
         Dagger            |       |       |    81 ||    81
    Use: Scroll            |       |     6 |     2 ||     8
         Potion            |       |     1 |     2 ||     3
 Armour: Animal skin       |    34 |   130 |   101 ||   265
         Skin              |       |    12 |       ||    12
  Dodge: Dodged            |    23 |    64 |    56 ||   143

Table legend: (Time is in decaauts)
 A = Elapsed time spent in this place.
 B = Non-inter-level travel time spent in this place.
 C = Inter-level travel time spent in this place.
 D = Time resting spent in this place.
 E = Time spent auto-exploring this place.
 F = Levels seen in this place.
 G = Mean time per level.
                   A        B        C        D        E       F      G
               +--------+--------+--------+--------+--------+-----+--------+
         Total |   4917 |   4680 |    237 |   1069 |   2717 |   7 |  702.4 |
       Dungeon |   4571 |   4334 |    237 |    885 |   2627 |   6 |  761.8 |
         Sewer |    346 |    346 |      0 |    184 |     90 |   1 |  346.0 |
               +--------+--------+--------+--------+--------+-----+--------+

Top non-repeatable levels by time:
     D:4: 1260 daAuts
     D:5: 880 daAuts
     D:1: 804 daAuts
     D:2: 759 daAuts
     D:3: 709 daAuts
   Sewer: 346 daAuts
     D:6: 157 daAuts
